AoeStats
← KND

Nomad

509769922Analyzed
3v3 RM · 3d ago on Sep 28, 2026· 42m 18s· 6 players
Game mode
Random Map
Map size
210×210
Population
200
Speed
Normal
Resources
Standard
Victory
Conquest
Starting age
Dark Age
Ending age
Imperial Age
RankedLock teamsTeams togetherTeam positionsShared explorationLock speedFull tech treeHidden civsTurbo modeCheats
Victory
Defeat
🇧🇷 Sicilians · Brazil
1563
+12
🇧🇷 Maya · Brazil
1486
+15
🇦🇺 Danes · Australia
1392
+20
🇨🇱 Persians · Chile
1507
-17
🇨🇱 Italians · Chile
1496
-17
🇨🇱 Byzantines · Chile
1399
-13
enricodias
5:47 Loom
14:35 Feudal Age
16:04 Double-Bit Axe
21:55 Castle Age
19:48 Fletching
20:51 Gold Mining
24:01 Wheelbarrow
24:00 Stone Mining
24:12 Scale Mail Armor
26:29 Fishing Lines
31:01 Gold Shaft Mining
31:29 Horse Collar
32:52 Chain Mail Armor
33:19 Squires
33:04 Arson
34:41 Heavy Plow
35:14 Bodkin Arrow
36:00 Gillnets
36:55 Forging
37:12 Hand Cart
36:43 Town Watch
37:37 Ballistics
39:48 Masonry
43:54 Imperial Age
41:47 First Crusade
42:06 Iron Casting
Texas Mil
7:46 Loom
13:20 Feudal Age
14:13 Double-Bit Axe
17:13 Castle Age
15:53 Gold Mining
15:58 Fletching
19:10 Bodkin Arrow
20:16 Bow Saw
23:32 Ballistics
23:32 Fishing Lines
26:35 Horse Collar
30:13 Medium Warships
30:12 Heated Shot
34:38 Imperial Age
33:36 Wheelbarrow
35:25 Bracer
38:19 Scale Mail Armor
42:59 Conscription
KND
4:13 Loom
15:04 Feudal Age
19:50 Castle Age
18:13 Stone Mining
18:21 Double-Bit Axe
19:02 Horse Collar
20:11 Fletching
21:00 Bow Saw
27:05 Ballistics
29:20 Padded Archer Armor
29:34 Gold Mining
29:29 Treadmill Crane
32:05 Wheelbarrow
33:09 Hand Cart
37:01 Imperial Age
34:37 Heavy Plow
35:08 Bodkin Arrow
36:22 Leather Archer Armor
37:36 Masonry
37:58 Bracer
38:44 Conscription
39:29 Chemistry
39:20 Elite Plumed Archer
40:59 Ring Archer Armor
41:18 Crop Rotation
42:30 Two-Man Saw
43:03 Forging
mnelias
4:30 Loom
5:21 Loom
13:02 Feudal Age
14:35 Fishing Lines
20:13 Castle Age
19:25 Horse Collar
20:05 Double-Bit Axe
25:13 Fletching
26:10 Crossbowman
28:22 Padded Archer Armor
32:13 Ballistics
34:11 Bodkin Arrow
36:34 Thumb Ring
joseto.lld
3:34 Loom
14:11 Feudal Age
20:43 Castle Age
21:44 Medium Warships
22:10 Double-Bit Axe
26:36 Scale Barding Armor
26:33 Padded Archer Armor
26:35 Scale Mail Armor
29:21 Greek Fire
39:15 Imperial Age
40:34 Heavy Warships
42:14 Chemistry
Persir
5:34 Loom
13:12 Feudal Age
16:25 Wheelbarrow
19:27 Castle Age
19:54 Bloodlines
20:15 Medium Warships
26:10 Scale Barding Armor
26:26 Double-Bit Axe
27:45 Forging
28:25 Husbandry
28:36 Horse Collar
35:28 Gold Mining
36:07 Chain Barding Armor
39:56 Imperial Age
39:19 Iron Casting
39:47 Cavalier
42:01 Plate Barding Armor
Connection lost

Rejoining the realm…

Still unreachable

The connection could not be restored.

Session expired

The server has moved on; the page needs a fresh start.